AoeStats
← 客官

Arabia

509900522Analyzed
1v1 RM · 5d ago on Sep 28, 2026· 23m 1s· 2 players
Game mode
Random Map
Map size
Tiny (2 player)
Population
200
Speed
Normal
Resources
Standard
Victory
Conquest
Starting age
Dark Age
Ending age
Imperial Age
RankedLock teamsTeams togetherTeam positionsShared explorationLock speedFull tech treeHidden civsTurbo modeCheats
Victory
Defeat
🇨🇳 Khmer · China
1492
+18
🇮🇳 Cumans · India
1528
-18
客官
9:04 Feudal Age
9:28 Man-at-Arms
11:44 Loom
17:23 Castle Age
15:20 Double-Bit Axe
15:52 Horse Collar
16:22 Scale Barding Armor
16:57 Forging
18:08 Bloodlines
18:22 Husbandry
20:08 Wheelbarrow
19:19 Town Watch
19:28 Gold Mining
21:04 Bow Saw
22:02 Stone Mining
Curiosity
11:42 Feudal Age
11:53 Loom
13:28 Double-Bit Axe
13:28 Horse Collar
22:28 Castle Age
Connection lost

Rejoining the realm…

Still unreachable

The connection could not be restored.

Session expired

The server has moved on; the page needs a fresh start.